 Dungeon Crawl Stone Soup version 0.17-a0-1923-gc35365e (webtiles) character file.

5278 musteatbrain the Covert (level 10, -9/44 HPs)
             Began as a Spriggan Enchanter on Sept 28, 2015.
             Was a Follower of Vehumet.
             Killed from afar by an orc warrior (19 damage)
             ... with a wand of fire
             ... on level 8 of the Dungeon.
             The game lasted 00:32:55 (11169 turns).

musteatbrain the Covert (Spriggan Enchanter)       Turns: 11169, Time: 00:32:55

Health: -9/44      AC:  6    Str:  7    XL:     10   Next: 36%
Magic:  0/15       EV: 27    Int: 17    God:    Vehumet [*.....]
Gold:   392        SH:  0    Dex: 17    Spells: 2 memorised, 11 levels left

rFire  . . .     SeeInvis +     f - +3 dagger (freeze)
rCold  . . .     Clarity  .     b - +1 robe
rNeg   . . .     SustAt   .     (shield restricted)
rPois  .         Gourm    .     (helmet restricted)
rElec  .         Spirit   +     l - +2 cloak
rCorr  .         Warding  .     (gloves unavailable)
rMut   .         Stasis   .     (boots unavailable)
MR     +....                    q - amulet of guardian spirit
Stlth  +++++++...               (no ring)
                                y - ring of flight

@: very slightly contaminated, very quick, somewhat resistant to hostile
enchantments, extremely stealthy
A: unfitting armour, see invisible, herbivore 3, speed 3, slow metabolism 2
a: Renounce Religion, Evoke Flight


You were on level 8 of the Dungeon.
You worshipped Vehumet.
Vehumet was aware of your devotion.
You were not hungry.

You visited 2 branches of the dungeon, and saw 10 of its levels.
You also visited: Sewer.

You collected 392 gold pieces.

Inventory:

Hand weapons
 a - a +1 dagger
 e - a +0 blowgun
 f - a +3 dagger of freezing (weapon)
Missiles
 g - 5 curare-tipped needles (quivered)
Armour
 b - a +1 robe (worn)
 i - a +0 fire dragon armour
 l - a +2 cloak (worn)
Jewellery
 q - an amulet of guardian spirit (around neck)
 y - a ring of flight (left hand)
Magical devices
 h - a wand of enslavement (0)
 r - a wand of enslavement (13)
 x - a wand of paralysis (14)
 E - a wand of random effects (29)
Scrolls
 j - 3 scrolls of brand weapon {unknown}
 p - 3 scrolls of blinking
 s - 3 scrolls of remove curse
 u - 2 scrolls of magic mapping
 w - a scroll of recharging
Potions
 d - 5 potions of flight
 k - 2 potions of brilliance
 m - a potion of magic {unknown}
 o - a potion of agility
 z - a potion of cancellation {unknown}
 A - a potion of resistance {unknown}
 C - a potion of invisibility {unknown}
Books
 c - a book of Maledictions

   Spells                             Type                      Level
   a - Corona                         Hexes                        1
   b - Ensorcelled Hibernation        Hexes/Ice                    2
   c - Confuse                        Hexes                        3
   d - Tukima's Dance                 Hexes                        3
   e - Dazzling Spray                 Conjuration/Hexes            3
 D - a book of the Tempests

   Spells                             Type                      Level
   a - Static Discharge               Conjuration/Air              3
   b - Lightning Bolt                 Conjuration/Air              5
   c - Fireball                       Conjuration/Fire             5
   d - Tornado                        Air                          9
   e - Shatter                        Earth                        9
Comestibles
 n - 3 bread rations
 B - a royal jelly


   Skills:
 + Level 10.5 Short Blades
 + Level 11.5 Dodging
 + Level 14.0 Stealth
 - Level 2.6 Spellcasting
 - Level 3.6 Hexes


You had 11 spell levels left.
You knew the following spells:

 Your Spells              Type           Power        Failure   Level  Hunger
a - Corona                Hex            ##.....      4%          1    #......
b - Ensorcelled Hibernat  Hex/Ice        #.....       17%         2    ##.....


Dungeon Overview and Level Annotations

Branches:
Dungeon (9/15)             Temple (1/1) D:7
   Lair: D:8-11         Orc: D:9-12

Altars:
Ashenzari
Cheibriados
Dithmenos
Elyvilon
Fedhas
Gozag
Kikubaaqudgha
Makhleb
Nemelex Xobeh
Okawaru
Qazlal
Ru
Sif Muna
Trog
Vehumet
Xom
Yredelemnul
Zin
The Shining One


Innate Abilities, Weirdness & Mutations

You are tiny and cannot use many weapons and most armour.
You have supernaturally acute eyesight.
You are a herbivore.
You cover ground extremely quickly.
You need consume almost no food.


Message History

You are very lightly contaminated with residual magic.
You hear an indistinct dissonance whispering inside your mind.
The orc warrior zaps a wand.
The bolt of fire misses you.
You hit the orc warrior but do no damage.
The orc warrior is lightly wounded.
The orc warrior zaps a wand.
The bolt of fire misses you.
You hit the orc warrior but do no damage.
The orc warrior is lightly wounded.
You hit the orc warrior but do no damage.
The orc warrior is lightly wounded.
The orc warrior completely misses you.
You barely miss the orc warrior.
The orc warrior is lightly wounded.
Unknown command.
You hit the orc warrior but do no damage.
The orc warrior is lightly wounded.
You hit the orc warrior but do no damage.
The orc warrior is lightly wounded.
The orc warrior zaps a wand.
The bolt of fire hits you!
You die...

#..# #.#### . # #..# #.#
.. #.#..# #.# ...#.#..#
#.####
.......##############(...#
#................#.(....
#..).............#......
#......).....)...#)(....
#.....o@.....).).)(#####
#.......................
#####............#######
#............'...###
#............###....
###....####### #....
####.# #.... #.# #.... #..
.....


You could see an orc warrior.

Vanquished Creatures
  The ghost of Nico3ck the Stinger, an experienced NaWz (D:7)
  Psyche (D:8)
  A deep elf mage (D:9)
  A wyvern (D:8)
  3 yaks (D:9)
  Grum (D:8)
  Menkaure (D:6)
  2 hippogriffs
  2 phantoms
  3 ogres
  2 sky beasts
  An orc warrior (D:8)
  4 wolves (D:8)
  A black bear (D:6)
  2 centaurs
  2 crocodiles (D:9)
  4 giant frogs
  The ghost of musteatbrain the Sneak, an average SpEn (D:5)
  5 big kobolds
  A hound (D:4)
  A centaur zombie (D:9)
  3 crimson imps
  2 centaur skeletons
  2 orc priests (D:7)
  6 orc wizards
  2 giant frog skeletons
  5 worker ants
  4 iguanas
  A hound zombie (D:5)
  A hound skeleton (D:3)
  2 worker ant zombies
  11 adders
  4 gnolls
  2 shadow imps
  2 oozes
  4 adder skeletons
  4 worms
  18 orcs
  A ball python (Sewer)
  15 bats
  10 giant cockroaches
  6 goblins
  14 hobgoblins
  20 jackals
  39 kobolds
  3 quokkas
  5 giant geckos
  A giant gecko skeleton (D:3)
  A giant gecko zombie (D:5)
  8 giant newts
  A quokka skeleton (D:3)
  18 rats
255 creatures vanquished.

Vanquished Creatures (others)
  8 fungi (D:9)
  4 plants
12 creatures vanquished.

Grand Total: 267 creatures vanquished

Notes
Turn   | Place    | Note
--------------------------------------------------------------
     0 | D:1      | musteatbrain the Spriggan Enchanter began the quest for the Orb.
     0 | D:1      | Reached XP level 1. HP: 9/9 MP: 5/5
   318 | D:1      | Reached XP level 2. HP: 11/13 MP: 6/6
   543 | D:1      | Reached skill level 5 in Stealth
   589 | D:1      | Reached XP level 3. HP: 14/16 MP: 8/8
  1582 | D:2      | Reached XP level 4. HP: 11/21 MP: 9/9
  2642 | D:3      | Found a glowing drain.
  2658 | D:3      | Reached skill level 6 in Stealth
  2665 | Sewer    | Entered a sewer
  3060 | Sewer    | Noticed a big kobold
  3060 | Sewer    | Noticed a big kobold
  3145 | Sewer    | Killed a big kobold
  3145 | Sewer    | Reached XP level 5. HP: 11/24 MP: 10/10
  3561 | Sewer    | Noticed a big kobold
  3561 | Sewer    | Noticed a big kobold
  3702 | Sewer    | Killed a big kobold
  3702 | Sewer    | Reached skill level 5 in Short Blades
  3702 | Sewer    | Reached XP level 6. HP: 15/28 MP: 11/11
  3887 | Sewer    | Killed a big kobold
  3887 | Sewer    | Reached skill level 7 in Stealth
  3971 | Sewer    | Noticed a big kobold
  3973 | Sewer    | Killed a big kobold
  4929 | D:4      | Reached skill level 8 in Stealth
  4942 | D:4      | Reached XP level 7. HP: 21/32 MP: 2/12
  5052 | D:4      | Learned a level 2 spell: Ensorcelled Hibernation
  5277 | D:4      | Found a blossoming altar of Fedhas.
  5882 | D:5      | Entered Level 5 of the Dungeon
  5959 | D:5      | Reached skill level 5 in Dodging
  5959 | D:5      | Reached skill level 9 in Stealth
  6282 | D:5      | Noticed musteatbrain's ghost (average SpEn)
  6302 | D:5      | Killed musteatbrain's ghost
  6302 | D:5      | Reached XP level 8. HP: 33/36 MP: 13/13
  6734 | D:6      | Found an ancient bone altar of Kikubaaqudgha.
  6743 | D:6      | Reached skill level 10 in Stealth
  6782 | D:6      | Noticed Menkaure
  7025 | D:6      | Killed Menkaure
  7280 | D:7      | Reached skill level 11 in Stealth
  7619 | D:7      | Reached XP level 9. HP: 28/39 MP: 14/14
  7751 | D:7      | Found a staircase to the Ecumenical Temple.
  7770 | Temple   | Entered the Ecumenical Temple
  7804 | Temple   | Became a worshipper of Vehumet
  8097 | D:7      | Noticed Nico3ck's ghost (experienced NaWz)
  8313 | D:8      | Noticed Psyche
  8548 | D:7      | Found a stormy altar of Qazlal.
  8910 | D:7      | Killed Nico3ck's ghost
  8920 | D:7      | Found a glowing golden altar of the Shining One.
  8967 | D:7      | Reached skill level 12 in Stealth
  9252 | D:8      | Noticed Grum
  9694 | D:8      | Killed Psyche
  9694 | D:8      | Reached skill level 10 in Dodging
  9865 | D:8      | Acquired Vehumet's first power
  9865 | D:8      | Offered knowledge of Sting by Vehumet.
  9900 | D:8      | Reached skill level 13 in Stealth
 10125 | D:8      | You fall through a shaft!
 10125 | D:9      | Found a deep blue altar of Sif Muna.
 10152 | D:9      | Reached skill level 10 in Short Blades
 10186 | D:9      | Found a snail-covered altar of Cheibriados.
 10262 | D:9      | Reached XP level 10. HP: 44/44 MP: 15/15
 10323 | D:9      | Found an opulent altar of Gozag.
 10981 | D:8      | Killed Grum
 11129 | D:8      | Reached skill level 14 in Stealth
 11169 | D:8      | Killed from afar by an orc warrior

Vault maps used:
D:1:      wheals_arrival_shading
D:3:      portal_sewer_entry_d, serial_undead, serial_undead_b, serial_undead_f,
          serial_undead_f, serial_undead_a, serial_undead_d
D:4:      old_standard_altar, st_stairs_13
D:5:      first_bread, kennysheep_small_circle
D:6:      lemuel_crystal_altar, uniq_menkaure
D:7:      overflow_temple_1_default, nicolae_qazlal_general_emergency,
          minmay_temple_entry_poolview
D:8:      kennysheep_kobold_camp, uniq_grum, uniq_psyche
D:9:      nicolae_gozag_seed_capital, lemuel_crystal_altar,
          nicolae_overflow_crystal_walls, grunt_lair_entry_elf_guard_hut,
          hangedman_pestilent_swarm
Temple:   minmay_freezing_vapour_temple_12
Sewer:    kennysheep_pipe_town

Action                   |  1- 3 |  4- 6 |  7- 9 | 10-12 || total
-------------------------+-------+-------+-------+-------++-------
Melee: Dagger            |   153 |   283 |   598 |   282 ||  1316
 Cast: Corona            |       |     3 |     1 |       ||     4
       Ensorcelled Hiber |       |       |     2 |       ||     2
  Use: Potion            |       |     6 |     6 |     1 ||    13
       Scroll            |       |     5 |     6 |       ||    11
 Stab: Sleeping          |     5 |    29 |    32 |       ||    66
       Distracted        |       |     1 |     1 |       ||     2
  Eat: Bread ration      |       |     1 |     1 |       ||     2
       Pizza             |       |       |     1 |       ||     1
